 Dungeon Crawl Stone Soup version 0.25.0-3-gd7cc5688da (webtiles) character file.

Game seed: 2050927630450891247

1826 Icy37 the Frost Mage (level 9, -3/61 HPs)
             Began as an Octopode Ice Elementalist on June 15, 2020.
             Was an Initiate of Gozag.
             Slain by an ice beast (5 damage)
             ... on level 8 of the Dungeon.
             The game lasted 00:29:07 (9518 turns).

Icy37 the Frost Mage (Octopode Ice Elementalist)    Turns: 9518, Time: 00:29:08

Health: -3/61      AC:  1    Str:  7    XL:     9   Next: 11%
Magic:  9/14       EV: 15    Int: 20    God:    Gozag
Gold:   427        SH:  0    Dex: 13    Spells: 6/14 levels left

rFire    . . .     SeeInvis .   B - +1 scimitar
rCold    . . .     Gourm    .   (no shield)
rNeg     . . .     Faith    .   (helmet restricted)
rPois    .         Spirit   .   (no amulet)
rElec    .         Reflect  .   l - ring of protection from magic
rCorr    .         Harm     .   (no ring)
MR       +....                  (no ring)
Stlth    +++.......             (no ring)
HPRegen  0.20/turn              (no ring)
MPRegen  0.14/turn              (no ring)
                                (no ring)
                                (no ring)

@: no status effects
A: almost no armour, stealthy swim, amphibious, 8 rings, constrict 8, camouflage
1, gelatinous body 1
a: Potion Petition, Call Merchant, Bribe Branch, Renounce Religion


You were on level 8 of the Dungeon.
You worshipped Gozag.
Gozag was aware of your devotion.
You were very hungry.

You visited 2 branches of the dungeon, and saw 9 of its levels.

You collected 582 gold pieces.
You paid 155 gold pieces to Gozag.

Inventory:

Hand Weapons
 t - a +0 trident
 B - a +1 scimitar (weapon)
Missiles
 f - 174 stones (quivered)
 g - 2 boomerangs
 j - 70 sling bullets
 r - 16 poisoned darts
Jewellery
 l - a ring of protection from magic (left tentacle)
Wands
 n - a wand of enslavement (6)
 v - a wand of iceblast (11)
 z - a wand of polymorph (17)
Scrolls
 a - 5 scrolls of teleportation
 c - 2 scrolls of enchant armour
 d - 3 scrolls of fog
 h - 3 scrolls of remove curse
 m - a scroll of blinking
 p - a scroll of noise {unknown}
 s - a scroll of magic mapping
 u - a scroll of identify
 x - a scroll of enchant weapon
 y - a scroll of immolation {unknown}
 A - a scroll of amnesia {unknown}
 C - a scroll of random uselessness {unknown}
Potions
 e - a potion of brilliance
 i - 2 potions of invisibility
 k - 2 potions of stabbing
 o - 4 potions of curing
 q - a potion of degeneration {unknown}
 w - 2 potions of lignification
Comestibles
 b - 10 rations


   Skills:
 - Level 5.0 Fighting
 - Level 5.0 Dodging
 - Level 2.6 Stealth
 + Level 3.4 Spellcasting
 + Level 5.0 Summonings
 - Level 8.0 Ice Magic


You had 6 spell levels left.
You knew the following spells:

 Your Spells              Type           Power        Failure   Level  Hunger
a - Freeze                Ice            ####         1%          1    None
b - Frozen Ramparts       Ice            #####.       1%          3    ###....
c - Summon Ice Beast      Ice/Summ       ####....     10%         4    ####...

Your spell library contained the following spells:

 Spells                   Type           Power        Failure   Level  Hunger
 Ozocubu's Armour         Chrm/Ice       ###.....     8%          3    ###....
 Hailstorm                Conj/Ice       ###.....     26%         4    ####...


Dungeon Overview and Level Annotations

Branches:
Dungeon (8/15)             Temple (1/1) D:7
   Lair: D:8-11

Altars:
Ashenzari
Cheibriados
Dithmenos
Elyvilon
Fedhas
Gozag
Hepliaklqana
Kikubaaqudgha
Makhleb
Nemelex Xobeh
Okawaru
Qazlal
Ru
Sif Muna
Trog
Uskayaw
Vehumet
Wu Jian
Xom
Yredelemnul
Zin
The Shining One

Annotations:
D:2 Terence


Innate Abilities, Weirdness & Mutations

You cannot wear most types of armour.
You are very stealthy in the water. (Stealth+)
You are amphibious.
You can wear up to eight rings at the same time.
You can use your tentacles to constrict eight enemies at once.
Your skin changes colour to match your surroundings (Stealth+).
Your rubbery body absorbs attacks. (AC +1, EV +1)


Message History

The ice beast is almost dead.
The frozen ramparts melt away.
The ice beast hits you. The ice beast freezes you.
* * * LOW HITPOINT WARNING * * *
You are feeling very hungry.
Casting: Freeze (safe; 1% risk of failure)
Confirm with . or Enter, or press ? or * to list all spells.
Okay, then.
Unknown command.
Casting: Freeze (safe; 1% risk of failure)
Confirm with . or Enter, or press ? or * to list all spells.
A chill wind blows around you. The ice beast hits you.
* * * LOW HITPOINT WARNING * * *
The ice beast freezes you!
* * * LOW HITPOINT WARNING * * *
The ice beast hits you.
* * * LOW HITPOINT WARNING * * *
The ice beast freezes you.
You die...
Your body crumbles into a pile of gold.

...... ..### ..# ..# ..#
##### ..## #...#
...#########.#.### ######
##.#.......#.#...# #....#
...#.####.##.#.#@#
###.##.#### ####.#
#.##...#Y# #...#..#.. #
.....#
#......#Y#####.###..#(#.#
###### ########.......#
#.##...# #########
#.....# #####... ##


You could see an ice beast and a friendly ice beast (summoned).

Vanquished Creatures
  2 hippogriffs (D:7)
  Edmund (D:6)
  2 ogres
  2 centaurs (D:5)
  A bullfrog (D:7)
  A water moccasin zombie (D:6)
  A scorpion (D:4)
  A centaur zombie (D:6)
  2 crimson imps (D:7)
  3 hounds
  A jelly (D:7)
  An orc wizard (D:3)
  An orc priest (D:5)
  Crazy Yiuf (D:7)
  2 iguanas (D:4)
  7 worker ants
  2 killer bee zombies (D:6)
  A hound zombie (D:6)
  3 hound skeletons
  A mummy (D:6)
  3 worker ant zombies
  A howler monkey zombie (D:6)
  4 adders
  A shadow imp (D:7)
  2 oozes
  3 adder zombies (D:6)
  An adder skeleton (D:7)
  5 worms
  2 dart slugs
  4 leopard geckos
  11 orcs
  4 bats
  3 giant cockroaches
  9 goblins
  7 hobgoblins
  3 jackals (D:4)
  10 kobolds
  2 quokkas
  A ball python (D:1)
  9 frilled lizards
  2 hobgoblin zombies (D:6)
  2 orc zombies (D:6)
  A quokka zombie (D:5)
  12 rats
138 creatures vanquished.

Vanquished Creatures (others)
  3 fungi (D:7)
3 creatures vanquished.

Grand Total: 141 creatures vanquished

Notes
Turn   | Place    | Note
-------+----------+-------------------------------------------
     0 | D:1      | Icy37 the Octopode Ice Elementalist began the quest for the
                  | Orb.
     0 | D:1      | Reached XP level 1. HP: 11/11 MP: 3/3
   440 | D:1      | Reached skill level 1 in Fighting
   440 | D:1      | Reached XP level 2. HP: 18/18 MP: 3/5
  1304 | D:2      | Reached XP level 3. HP: 24/24 MP: 1/7
  1355 | D:2      | Learned a level 3 spell: Frozen Ramparts
  1865 | D:2      | Found a snail-covered altar of Cheibriados.
  1865 | D:2      | Found a burning altar of Makhleb.
  1920 | D:2      | Reached XP level 4. HP: 29/29 MP: 6/8
  2283 | D:2      | Noticed Terence
  2924 | D:3      | Found a blossoming altar of Fedhas.
  3075 | D:3      | Reached skill level 5 in Ice Magic
  3075 | D:3      | Reached XP level 5. HP: 34/34 MP: 3/9
  3149 | D:3      | Found an ornate altar of the Wu Jian Council.
  3150 | D:3      | Found a shimmering blue altar of Sif Muna.
  3845 | D:4      | Reached skill level 6 in Ice Magic
  3855 | D:4      | Reached XP level 6. HP: 39/39 MP: 5/10
  3918 | D:4      | Found a sacrificial altar of Ru.
  4150 | D:4      | Learned a level 4 spell: Summon Ice Beast
  4390 | D:5      | Entered Level 5 of the Dungeon
  4609 | D:5      | Found a glowing silver altar of Zin.
  4756 | D:5      | Reached skill level 1 in Summonings
  4759 | D:5      | Reached XP level 7. HP: 45/45 MP: 3/11
  5154 | D:5      | Reached skill level 7 in Ice Magic
  5985 | D:5      | Found a bloodstained altar of Trog.
  6888 | D:6      | Reached XP level 8. HP: 42/52 MP: 7/12
  6969 | D:6      | Found a shadowy altar of Dithmenos.
  7907 | D:6      | Noticed Edmund
  7919 | D:6      | Killed Edmund
  8298 | D:7      | Found a staircase to the Ecumenical Temple.
  8310 | Temple   | Entered the Ecumenical Temple
  8354 | Temple   | Became a worshipper of Gozag Ym Sagoz the Greedy
  8476 | D:7      | Noticed a hippogriff
  8481 | D:7      | Killed a hippogriff
  8701 | D:7      | Found a runed translucent door.
  8702 | D:7      | Noticed Crazy Yiuf
  8709 | D:7      | Killed Crazy Yiuf
  8787 | D:7      | Noticed a hippogriff
  8806 | D:7      | Killed a hippogriff
  8806 | D:7      | Reached skill level 5 in Fighting
  8806 | D:7      | Reached skill level 8 in Ice Magic
  8809 | D:7      | Reached skill level 5 in Dodging
  8809 | D:7      | Reached XP level 9. HP: 61/61 MP: 8/13
  9075 | D:7      | Reached skill level 5 in Summonings
  9518 | D:8      | HP: 2/61 [ice beast (3)]
  9518 | D:8      | Slain by an ice beast

Illustrated notes

Levels and vault maps discovered:
D:1:      dpeg_arrival_arbitrary_b, layout_basic, minmay_pentomino_p2
D:2:      layout_loops_ring, gammafunk_temple_overflow_wave, uniq_terence
D:3:      layout_rooms, nicolae_overflow_crystal_walls,
          gammafunk_temple_overflow_pools
D:4:      layout_loops_ring, nicolae_ru_path_of_blood
D:5:      layout_rooms, kennysheep_little_box, lemuel_doored_altar, first_ration
D:6:      layout_basic, nicolae_dithmenos_through_a_glass_darkly, serial_undead,
          serial_undead_b, serial_undead_a, serial_undead_a, serial_undead_d,
          st_stairs_12, minmay_mini_ossuary, uniq_edmund
D:7:      minmay_angry_zag, layout_basic, minmay_temple_entry_trees,
          uniq_crazy_yiuf_cottage
D:8:      layout_basic
Temple:   cyrus_circular_temple

Skill      XL: |  1  2  3  4  5  6  7  8  9 |
---------------+----------------------------+-----
Fighting       | 1 2 3 5 |  5.0
Spellcasting   | 3 |  3.4
Ice Magic      | 5 6 7 8 |  8.0
Summonings     | 1 2 4 5 |  5.0
Dodging        | 3 5 |  5.0
Stealth        | |  2.6

Action                   |  1- 3 |  4- 6 |  7- 9 || total
-------------------------+-------+-------+-------++-------
Melee: Unarmed           |     2 |       |       ||     2
       Dagger            |    10 |    15 |       ||    25
       Constrict         |     3 |     6 |    24 ||    33
       Tentacles         |     2 |     4 |    24 ||    30
       Long sword        |       |    12 |    47 ||    59
       Scimitar          |       |       |    21 ||    21
Throw: Stone             |    37 |    45 |    45 ||   127
       Boomerang         |       |    15 |     3 ||    18
       Dart              |       |       |     2 ||     2
 Cast: Freeze            |    50 |    68 |    66 ||   184
       Frozen Ramparts   |       |     7 |    35 ||    42
       Summon Ice Beast  |       |       |     1 ||     1
  Use: Scroll            |     2 |     7 |     3 ||    12
 Stab: Sleeping          |    10 |     9 |     4 ||    23
       Distracted        |       |     1 |       ||     1
  Eat: Chunk             |     3 |     9 |     4 ||    16
       Ration            |       |       |     4 ||     4
Armor: Skin              |     3 |     5 |     6 ||    14
Dodge: Dodged            |    25 |    32 |    97 ||   154
       Rpst.: Long sword |       |     9 |    31 ||    40
       Scimitar          |       |       |     8 ||     8
